 Dungeon Crawl Stone Soup version 0.31-a0-152-g6aa68a64a1 (webtiles) character file.

Game seed: 15169204456548270516

301 Midn8 the Ruffian (level 6, -1/30 (53) HPs)
             Began as a Draconian Reaver on June 11, 2023.
             Succumbed to Duvessa's poison
             ... on level 4 of the Dungeon.
             The game lasted 00:06:29 (3167 turns).

Midn8 the Ruffian (Draconian Reaver)                Turns: 3167, Time: 00:06:30

HP:   -1/30 (53)    AC:  6    Str: 14    XL:     6   Next: 14%
MP:   4/9           EV: 12    Int: 14    God:
Gold: 129           SH:  0    Dex: 11    Spells: 6/9 levels left

rFire   . .          .
                       - Unarmed
rCold   . . .        (no shield)
rNeg    . . .        (body armour unavailable)
rPois   .            (helmet restricted)
rElec   .            (no cloak)
rCorr   .            (no gloves)
SInv    .            (no boots)
Will    .....        (no amulet)
Stlth   +            (no ring)
HPRegen 0.25/turn    (no ring)
MPRegen 0.11/turn

%: no passive effects
@: lethally poisoned (-1 -> -10), very heavily drained
A: AC +6, unfitting armour, cold-blooded
a: no special abilities


You were on level 4 of the Dungeon.
You visited 1 branch of the dungeon, and saw 4 of its levels.

You collected 129 gold pieces.

Inventory:

Jewellery
 f - a ring of resist corrosion
Scrolls
 a - 3 scrolls of teleportation
Potions
 b - a potion of enlightenment


   Skills:
 + Level 4.3 Fighting
 - Level 1.7 Dodging
 - Level 6.0 Unarmed Combat
 - Level 2.0 Spellcasting
 - Level 3.0 Conjurations


You had 6 spell levels left.
You knew the following spells:

 Your Spells              Type           Power      Damage    Failure   Level
a - Kiss of Death         Conj/Necr      20%        2d7       13%         1
s - Momentum Strike       Conj/Tloc      10%        3d8       19%         2

Your spell library contained the following spells:

 Spells                   Type           Power      Damage    Failure   Level
 Scorch                   Fire           2%         2d5       34%         2
 Hailstorm                Conj/Ice       5%         3d4       36%         3
 Flame Wave               Conj/Fire      5%         2d5       77%         4
 Summon Cactus Giant      Summ           0%         N/A       100%        6


Dungeon Overview and Level Annotations

Branches:
Dungeon (4/15)
 Temple: D:4-7

Altars:

Annotations:
D:4 Dowan


Innate Abilities, Weirdness & Mutations

Your plain brown scales are hard. (AC +6)
You cannot fit into any form of body armour.
You are cold-blooded and may be slowed by cold attacks.


Message History

You are poisoned.
Casting: Kiss of Death (safe; 13% risk of failure)
Confirm with . or Enter, or press ? or * to list all spells.
Aiming: Kiss of Death (safe; 13% risk of failure)
Press: ? - help, Shift-Dir - straight line, f/p - Duvessa
Aim: Duvessa, wielding a +1 short sword of venom and wearing a +0 ring mail (almost dead, heavily drained, 100% to hit)
The negative energy hits Duvessa.
Duvessa is drained!
Duvessa is almost dead.
You feel drained.
* * * LOW HITPOINT WARNING * * *
You feel sick.
Duvessa hits you with a +1 short sword of venom.
* * * LOW HITPOINT WARNING * * *
You are more poisoned.
Casting: Kiss of Death (safe; 13% risk of failure)
Confirm with . or Enter, or press ? or * to list all spells.
Aiming: Kiss of Death (safe; 13% risk of failure)
Press: ? - help, Shift-Dir - straight line, f/p - Duvessa
Aim: Duvessa, wielding a +1 short sword of venom and wearing a +0 ring mail (almost dead, heavily drained, 100% to hit)
The negative energy hits Duvessa.
Duvessa is drained!
You kill Duvessa!
You hear a distant wail of despair.
You feel drained.
* * * LOW HITPOINT WARNING * * *
You feel sick.
Training target 4.0 for Fighting reached!
Your Fighting skill increases to level 4!
You need to enable at least one skill for training.
You have reached level 6!
Your scales feel tougher.
You aren't carrying any items that you can evoke.
Unknown command.
Casting: Kiss of Death (safe; 13% risk of failure)
Confirm with . or Enter, or press ? or * to list all spells.
Aiming: Kiss of Death (safe; 13% risk of failure)
Press: ? - help, Shift-Dir - straight line, f - Dowan
Aim: Dowan, wielding a +0 dagger of draining and wearing a +0 robe (moderately wounded, 100% to hit)
The negative energy hits Dowan!
Dowan is drained!
Dowan is severely wounded.
You feel drained.
You die...

..#.....#.######.#'#...#+#.#
...........+...'.#.......#.#
..####.#####...#####...###.# ..#
#.'.#.......#.'...+.#.# ...
###.#+#...#+#.#####.#'# .##
#..†..#...#.....#.....#
+.....##+##.....'†....# ##
#.....#...#)e...#.....# ..#
..######.#'#...#@#.#####.#'# ..#+
...'...'.#.......#.'...'.#.......
.###...#####...#####...#####...##
#..... #.'...'.#.......#.'...'.
#'#... #.#####.#'#...#'#.#####.
.. #... ... ...#...#.....##.. .
##'##.. ....##'##.....'..# .. #..
#.....#...#.....#.## .. #'# ###.
'#...#'#e###.#


You could see Dowan (very drained).

Vanquished Creatures
  Duvessa (D:4)
  A jelly (D:4)
  2 iguanas
  3 adders
  A white imp (D:4)
  2 dart slugs
  13 endoplasms
  2 giant cockroaches
  9 goblins
  5 hobgoblins
  2 jackals (D:2)
  2 quokkas
  7 ball pythons
  11 bats
  4 frilled lizards
  6 kobolds
  9 rats
80 creatures vanquished.

Vanquished Creatures (others)
  A worm (D:4)
  A goblin (D:4)
2 creatures vanquished.

Grand Total: 82 creatures vanquished

Notes
Turn   | Place    | Note
-------+----------+-------------------------------------------
     0 | D:1      | Midn8 the Draconian Reaver began the quest for the Orb.
     0 | D:1      | Reached XP level 1. HP: 17/17 MP: 3/3
   278 | D:1      | Reached XP level 2. HP: 24/24 MP: 5/5
  1168 | D:1      | Reached skill level 4 in Unarmed Combat
  1364 | D:2      | Reached XP level 3. HP: 26/29 MP: 6/6
  2060 | D:3      | Reached skill level 5 in Unarmed Combat
  2060 | D:3      | Reached XP level 4. HP: 27/31 MP: 5/7
  2654 | D:4      | Noticed an ogre
  2728 | D:4      | Reached XP level 5. HP: 25/38 MP: 8/8
  2778 | D:4      | Learned a level 2 spell: Momentum Strike
  2969 | D:4      | Reached skill level 6 in Unarmed Combat
  3126 | D:4      | Noticed Dowan
  3139 | D:4      | Noticed Duvessa
  3166 | D:4      | Killed Duvessa
  3167 | D:4      | Reached XP level 6. HP: 2/38 MP: 5/9
  3167 | D:4      | Succumbed to Duvessa's poison

Illustrated notes

Levels and vault maps discovered:
D:1:      onia_arrival_mini_maze_b, layout_basic, nrook_uturn, bh_walls_and_bars
D:2:      layout_loops_ring
D:3:      layout_loops_ring, minmay_misc_feat_pillars
D:4:      nicolae_cairo_tiling_large, layout_basic, fedhas_altar_fruit_tree,
          mainiacjoe_overflow_chevrons, marbit_many_paths, xom_confusion_cloud,
          serial_rivers, chequers_serial_rivers_room_b,
          chequers_serial_rivers_micro_c, chequers_serial_rivers_large_b,
          chequers_serial_rivers_marsh, chequers_serial_rivers_small_3,
          uniq_duvessa

Skill      XL: |  1  2  3  4  5 |
---------------+----------------+-----
Unarmed Combat | 4 5 6 |  6.0
Fighting       | 4 |  4.3
Dodging        | |  1.7
Spellcasting   | |  2.0
Conjurations   | |  3.0

Action                     |  1- 3 |  4- 6 || total
---------------------------+-------+-------++-------
  Melee: Unarmed           |   128 |   124 ||   252
         Tailslap          |    14 |     9 ||    23
         Punch             |     3 |     2 ||     5
   Cast: Kiss of Death     |     2 |     5 ||     7
    Use: Scroll            |     3 |     4 ||     7
         Potion            |       |     1 ||     1
 Armour: Skin              |    33 |    35 ||    68
  Dodge: Dodged            |    72 |    75 ||   147

Table legend: (Time is in decaauts)
 A = Elapsed time spent in this place.
 B = Non-inter-level travel time spent in this place.
 C = Inter-level travel time spent in this place.
 D = Time resting spent in this place.
 E = Time spent auto-exploring this place.
 F = Levels seen in this place.
 G = Mean time per level.
                   A        B        C        D        E       F      G
               +--------+--------+--------+--------+--------+-----+--------+
         Total |   3147 |   3032 |    115 |    346 |   2058 |   4 |  786.8 |
       Dungeon |   3147 |   3032 |    115 |    346 |   2058 |   4 |  786.8 |
               +--------+--------+--------+--------+--------+-----+--------+

Top non-repeatable levels by time:
     D:1: 1210 daAuts
     D:2: 761 daAuts
     D:3: 676 daAuts
     D:4: 497 daAuts
